 Dungeon Crawl Stone Soup version 0.25-a0-316-gd28d56f9c5 (webtiles) character file.

Game seed: 1622719116874759308, levelgen mode: deterministic

111 Essalna the Poker (level 4, 0/35 HPs)
             Began as a Merfolk Gladiator on Dec 25, 2019.
             Slain by a sky beast (6 damage)
             ... on level 3 of the Dungeon.
             The game lasted 00:04:26 (1786 turns).

Essalna the Poker (Merfolk Gladiator)               Turns: 1786, Time: 00:04:27

Health: 0/35       AC:  5    Str: 15    XL:     4   Next: 92%
Magic:  4/4        EV: 15    Int:  7    God:
Gold:   123        SH:  0    Dex: 15    Spells: 3/3 levels left

rFire    . . .     SeeInvis .   n - +3 spear
rCold    . . .     Gourm    .   (no shield)
rNeg     . . .     Faith    .   b - +0 leather armour
rPois    .         Spirit   .   c - +0 helmet
rElec    .         Reflect  .   i - +0 cloak
rCorr    .         Harm     .   (no gloves)
MR       .....                  (no boots)
Stlth    +.........             (no amulet)
HPRegen  0.11/turn              (no ring)
MPRegen  0.09/turn              (no ring)

@: no status effects
A: change form in water, swift swim, stealthy swim
a: no special abilities


You were on level 3 of the Dungeon.
You were not hungry.

You visited 1 branch of the dungeon, and saw 3 of its levels.

You collected 123 gold pieces.

Inventory:

Hand Weapons
 a - a +0 trident
 l - a +0 spear
 n - a +3 spear (weapon)
Missiles
 d - 3 throwing nets (quivered)
Armour
 b - a +0 leather armour (worn)
 c - a +0 helmet (worn)
 i - a +0 cloak (worn)
Scrolls
 g - 3 scrolls of identify
Potions
 e - a potion of berserk rage {unknown}
 k - 2 potions of might
Comestibles
 f - 3 rations


   Skills:
 + Level 3.5 Fighting
 + Level 5.8 Polearms
 - Level 2.0 Throwing
 + Level 5.3 Dodging


You had 3 spell levels left.
You didn't know any spells.
Your spell library was empty.

Dungeon Overview and Level Annotations

Branches:
Dungeon (3/15)

Altars:
Fedhas
Wu Jian


Message History

The sky beast is severely wounded.
The sky beast barely misses you.
You miss the sky beast.
The sky beast is severely wounded.
The sky beast flickers out of sight!
Deactivating autopickup; reactivate with Ctrl-A.
Something hits you. Something shocks you.
You are too injured to fight recklessly!
You are too injured to fight recklessly!
You closely miss something. You hit something but do no damage.
Something hits you but does no damage.
You hit something but do no damage. Something hits you. Something shocks you.
* * * LOW HITPOINT WARNING * * *
You miss something. Something hits you but does no damage.
You miss something.
A sky beast appears from thin air!
Reactivating autopickup.
The sky beast hits you.
* * * LOW HITPOINT WARNING * * *
The sky beast shocks you.
You die...

### ..##
...#####
#.. ... #..
.. #.# .#
#.##.###...
#<@Y.......
##.#.......
#..#.......
#..#.......
...?.######
.....=+
.......#
..>.....#
.#.......#


You could see a sky beast.

Vanquished Creatures
  2 gnolls (D:2)
  4 adders (D:2)
  A worm (D:2)
  2 leopard geckos (D:1)
  A giant cockroach (D:1)
  3 goblins (D:1)
  3 hobgoblins
  14 jackals
  5 kobolds
  8 bats
  A frilled lizard (D:1)
  3 rats
47 creatures vanquished.

Notes
Turn   | Place    | Note
-------+----------+-------------------------------------------
     0 | D:1      | Essalna the Merfolk Gladiator began the quest for the Orb.
     0 | D:1      | Reached XP level 1. HP: 16/16 MP: 1/1
    71 | D:1      | Reached XP level 2. HP: 22/23 MP: 2/2
   390 | D:1      | Reached skill level 5 in Polearms
   398 | D:1      | Reached XP level 3. HP: 16/28 MP: 3/3
  1048 | D:2      | Found a faded altar of an unknown god.
  1172 | D:2      | Found a blossoming altar of Fedhas.
  1198 | D:2      | Found an ornate altar of the Wu Jian Council.
  1268 | D:2      | Reached skill level 5 in Dodging
  1268 | D:2      | Reached XP level 4. HP: 26/35 MP: 4/4
  1769 | D:3      | Noticed a sky beast
  1786 | D:3      | Slain by a sky beast

Levels and vault maps discovered:
D:1:      minmay_arrival_wavy_path, layout_loops_cross
D:2:      layout_loops_ring, lemuel_crystal_altar, fedhas_ov_isle_minmay,
          chequers_ecumenical_altar_island
D:3:      layout_basic, lemuel_round_altar, uniq_terence, uniq_robin,
          uniq_jessica

Skill      XL: |  1  2  3 |
---------------+----------+-----
Polearms       | 5 |  5.8
Fighting       | 3 |  3.5
Dodging        | 5 |  5.3
Throwing       | |  2.0

Action                   |  1- 3 |  4- 6 || total
-------------------------+-------+-------++-------
Melee: Trident           |   100 |       ||   100
       Spear             |    54 |    69 ||   123
       Tailslap          |     1 |       ||     1
  Use: Scroll            |       |     5 ||     5
 Stab: Sleeping          |     4 |       ||     4
  Eat: Chunk             |     1 |     2 ||     3
Armor: Leather armour    |    43 |    12 ||    55
Dodge: Dodged            |   128 |    38 ||   166

Table legend:
 A = Non-vault XP
 B = Vault XP
 C = Vault XP percentage of total XP
 D = Non-vault monster count
 E = Vault monster count
 F = Vault count percentage of total count
                 A         B        C        D         E       F
            +---------+---------+-------+---------+---------+-------
      Total |     159 |       0 |   0.0 |      47 |       0 |   0.0
            +---------+---------+-------+---------+---------+-------
        D:1 |      51 |       0 |   0.0 |      28 |       0 |   0.0
        D:2 |     108 |       0 |   0.0 |      19 |       0 |   0.0
            +---------+---------+-------+---------+---------+-------
